 Dungeon Crawl Stone Soup version 0.30-a0-996-ga6910c8ee8 (webtiles) character file.

Game seed: 16030703436468976981

59 Newt the Shooter (level 4, -1/30 HPs)
             Began as a Kobold Hunter on Apr 4, 2023.
             Slain by Jessica
             ... wielding a +0 dagger
              (2 damage)
             ... on level 2 of the Dungeon.
             The game lasted 00:01:16 (1461 turns).

Newt the Shooter (Kobold Hunter)                    Turns: 1461, Time: 00:01:17

Health: -1/30      AC: 12    Str:  8    XL:     4   Next: 22%
Magic:  4/4        EV: -5    Int: 10    God:
Gold:   54         SH:  0    Dex: 20    Spells: 3/3 levels left

rFire   + . .      SeeInvis .    a - +0 shortbow
rCold   + + .      Faith    .    (shield currently unavailable)
rNeg    . . .      Spirit   .    f - +0 gold dragon scales
rPois   +          Reflect  .    (no helmet)
rElec   .          Rampage  .    (no cloak)
rCorr   .                        (no gloves)
Will    .....                    (no boots) Stlth
                                 (no amulet)
HPRegen 0.25/turn                i - ring of protection from cold
MPRegen 0.09/turn                (no ring)

@: brilliant
A: small, no large weapons, nightstalker 3
a: no special abilities


You were on level 2 of the Dungeon.
You visited 1 branch of the dungeon, and saw 2 of its levels.

You collected 54 gold pieces.

Inventory:

Hand Weapons
 a - a +0 shortbow (weapon)
Armour
 c - a +0 leather armour
 f - +0 gold dragon scales (worn)
Jewellery
 i - a ring of protection from cold (left hand)
Scrolls
 b - 2 scrolls of immolation
 d - a scroll of enchant armour {unknown}
 g - a scroll of teleportation
 j - a scroll of silence
 k - a scroll of acquirement {unknown}
 l - 2 scrolls of identify
Potions
 h - a potion of flight


   Skills:
 + Level 4.6 Fighting
 - Level 5.3 Ranged Weapons
 - Level 2.4 Dodging
 - Level 1.3 Stealth


You had 3 spell levels left.
You didn't know any spells.
Your spell library contained the following spells:

 Spells                   Type           Power      Damage    Failure   Level
 Ensorcelled Hibernation  Hex/Ice        0%         N/A       100%        2
 Passwall                 Tmut/Erth      0%         N/A       100%        2
 Swiftness                Air            0%         N/A       100%        3


Dungeon Overview and Level Annotations

Branches:
Dungeon (2/15)

Altars:

Annotations:
D:2 Jessica


Innate Abilities, Weirdness & Mutations

You are small and have problems with some larger weapons.
You are completely attuned to the shadows.


Message History

The ball python bites you but does no damage.
The ball python constricts you.
The ball python bites you but does no damage.
The ball python constricts you.
You shoot an arrow. The arrow hits the ball python!
You kill the ball python!
Jessica casts a spell at you. Pain shoots through your body!
Jessica mumbles some strange words.
Jessica blinks!
Jessica hits you but does no damage.
You shoot an arrow. The arrow hits Jessica.
Jessica is moderately wounded.
Jessica hits you with a +0 dagger. Jessica hits you but does no damage.
Jessica hits you with a +0 dagger. x3
Unknown command.
You are too injured to fight recklessly!
Unknown command.
You are too injured to fight recklessly!
You shoot an arrow. The arrow hits Jessica.
Jessica is heavily wounded.
Jessica hits you but does no damage.
Jessica very coldly says, "I hate your company."
Jessica hits you but does no damage. x2
Jessica mumbles some strange words.
Jessica blinks!
Jessica casts a spell at you. Pain shoots through your body!
* * * LOW HITPOINT WARNING * * *
Unknown command.
You shoot an arrow. The arrow closely misses Jessica.
Jessica hits you with a +0 dagger.
* * * LOW HITPOINT WARNING * * *
Jessica hits you but does no damage. x2
Jessica grins evilly.
Jessica hits you but does no damage. x2
Unknown command.
It was a potion of brilliance.
You feel clever all of a sudden. Jessica hits you with a +0 dagger.
You die...

#........ ###.###
#........ #.#
+........ #.#
#........ #.#
#..... ####.#
#†#### #....# #.#
#.###### #.#
#....... #@#
#..#.... #@#
#..#.### #.#
#..#.#.. #.#
#..#<#.# #.#
#..###.# #.#
#....... #.#
######.###.#
#.#####...†.......
#.......#####.##.#


You could see Jessica (fast).

Vanquished Creatures
  An adder (D:2)
  A worm (D:2)
  6 ball pythons
  4 bats (D:2)
  2 endoplasms
  2 giant cockroaches
  3 goblins
  3 hobgoblins
  4 jackals (D:2)
  3 kobolds
  4 quokkas
  4 frilled lizards
  3 rats
40 creatures vanquished.

Notes
Turn   | Place    | Note
-------+----------+-------------------------------------------
     0 | D:1      | Newt the Kobold Hunter began the quest for the Orb.
     0 | D:1      | Reached XP level 1. HP: 12/12 MP: 1/1
   126 | D:1      | Reached XP level 2. HP: 18/18 MP: 2/2
   616 | D:2      | Reached XP level 3. HP: 23/23 MP: 3/3
   947 | D:2      | Reached XP level 4. HP: 30/30 MP: 4/4
  1450 | D:2      | Noticed Jessica
  1459 | D:2      | HP: 1/30 [Jessica/nerve-wracking pain (11)]
  1461 | D:2      | Slain by Jessica

Illustrated notes

Levels and vault maps discovered:
D:1:      dpeg_arrival_orchard, layout_rooms
D:2:      layout_basic, serial_forest, infiniplex_forest_lined_4_way,
          infiniplex_forest_fountain, infiniplex_forest_clump_curved,
          infiniplex_forest_lined_2, infiniplex_forest_clump_tiny, uniq_terence,
          uniq_jessica

Skill      XL: |  1  2  3 |
---------------+----------+-----
Fighting       | 3 4 |  4.6
Ranged Weapons | |  5.3
Dodging        | |  2.4
Stealth        | |  1.3

Action                     |  1- 3 |  4- 6 || total
---------------------------+-------+-------++-------
   Fire: Shortbow          |    91 |    18 ||   109
    Use: Scroll            |     4 |       ||     4
         Potion            |       |     1 ||     1
 Armour: Leather armour    |     3 |       ||     3
         Gold dragon scale |   164 |    29 ||   193
  Dodge: Dodged            |    23 |       ||    23

Table legend: (Time is in decaauts)
 A = Elapsed time spent in this place.
 B = Non-inter-level travel time spent in this place.
 C = Inter-level travel time spent in this place.
 D = Time resting spent in this place.
 E = Time spent auto-exploring this place.
 F = Levels seen in this place.
 G = Mean time per level.
                   A        B        C        D        E       F      G
               +--------+--------+--------+--------+--------+-----+--------+
         Total |   1648 |   1629 |     19 |      0 |   1241 |   2 |  824.0 |
       Dungeon |   1648 |   1629 |     19 |      0 |   1241 |   2 |  824.0 |
               +--------+--------+--------+--------+--------+-----+--------+

Top non-repeatable levels by time:
     D:2: 1004 daAuts
     D:1: 644 daAuts
